 Dungeon Crawl Stone Soup version 0.21.1-1-g345015f (webtiles) character file.

161 Verr the Covered (level 5, 0/50 HPs)
             Began as a Deep Dwarf Fighter on Feb 28, 2018.
             Slain by a dart slug (1 damage)
             ... on level 3 of the Dungeon on Mar 1, 2018.
             The game lasted 00:10:57 (2035 turns).

Verr the Covered (Deep Dwarf Fighter)               Turns: 2035, Time: 00:10:58

Health: 0/50       AC:  7    Str: 19    XL:     5   Next: 19%
Magic:  3/3        EV:  8    Int:  9    God:
Gold:   106        SH:  9    Dex: 13    Spells: 4/4 levels left

rFire    . . .     SeeInvis .   a - +0 war axe
rCold    . . .     Gourm    .   c - +0 shield
rNeg     . . .     Faith    .   b - +0 scale mail
rPois    .         Spirit   .   (no helmet)
rElec    .         Reflect  .   (no cloak)
rCorr    .         Harm     .   (no gloves)
MR       .....                  (no boots)
Stlth    ..........             (no amulet)
HPRegen  0.00/turn              (no ring)
MPRegen  0.08/turn              (no ring)

@: non-regenerating, drained
A: damage resistance, heal wounds, sense surroundings 1, no regeneration
a: Heal Wounds


You were on level 3 of the Dungeon.
You were not hungry.

You visited 1 branch of the dungeon, and saw 3 of its levels.

You collected 106 gold pieces.

Inventory:

Hand Weapons
 a - a +0 war axe (weapon)
Armour
 b - a +0 scale mail (worn)
 c - a +0 shield (worn)
 r - a +0 cloak
Jewellery
 m - an uncursed ring of see invisible {unknown}
 o - an uncursed ring of protection from magic {unknown}
Scrolls
 e - a scroll of enchant weapon {unknown}
 h - a scroll of amnesia {unknown}
Potions
 d - 2 potions of might
 g - a potion of lignification {unknown}
 i - a potion of flight {unknown}
 j - 2 potions of mutation {unknown}
 k - a potion of curing {unknown}
 l - a potion of brilliance {unknown}
 p - a potion of cancellation {unknown}
Comestibles
 f - 4 rations


   Skills:
 * Level 3.6 Fighting
 * Level 3.8 Axes
 + Level 3.8(3.7) Armour
 + Level 1.6 Dodging
 + Level 3.8(3.7) Shields


You had 4 spell levels left.
You didn't know any spells.

Dungeon Overview and Level Annotations

Branches:
Dungeon (3/15)

Altars:


Innate Abilities, Weirdness & Mutations

You are resistant to damage.
You can heal yourself by infusing magical energy.
You passively map a small area around you.
You do not regenerate.


Message History

You block the dart slug's attack. The rat bites you but does no damage.
The giant cockroach bites you but does no damage.
You block the bat's attack.
The giant cockroach bites you but does no damage.
The dart slug launches a dart at you. The slug dart misses you.
The rat closely misses you. The bat barely misses you. The bat hits you.
The giant cockroach bites you but does no damage.
The rat bites you but does no damage. The bat hits you but does no damage.
You block the giant cockroach's attack.
The dart slug bites you but does no damage.
The rat bites you. The bat hits you but does no damage.
The giant cockroach closely misses you. You block the dart slug's attack.
The rat bites you but does no damage.
The giant cockroach bites you but does no damage.
You block the bat's attack. You block the rat's attack.
The giant cockroach bites you but does no damage.
The dart slug bites you.
You die...

,.........#.#.#
).##.#...#.#.#
..##.#...#.#.## *
,..'......#.....
,..##.#.>.......
#.#...###.##** ,
. ,#.....###.# *
....##w##.....# *
......s@b.....#
....##r#.........
* , #..
.....#.......
...##.....#.###.
#.# *#...#.#.# #
#.[.### # * * , ,
*, #...., * < *
,....#* * * , * *


You could see a dart slug, a giant cockroach, a bat and a rat.

Vanquished Creatures
  The ghost of inc the Vexing, a weakling FeEn (D:3)
  Crazy Yiuf (D:3)
  4 adders
  A worm (D:2)
  2 dart slugs (D:1)
  A leopard gecko (D:2)
  An orc (D:3)
  4 bats
  2 giant cockroaches
  7 goblins
  4 hobgoblins (D:1)
  11 jackals
  12 kobolds
  A quokka (D:2)
  2 frilled lizards
  6 rats
60 creatures vanquished.

Notes
Turn   | Place    | Note
-------+----------+-------------------------------------------
     0 | D:1      | Verr the Deep Dwarf Fighter began the quest for the Orb.
     0 | D:1      | Reached XP level 1. HP: 20/20 MP: 1/1
   145 | D:1      | Reached XP level 2. HP: 25/27 MP: 2/2
   402 | D:1      | Reached XP level 3. HP: 26/34 MP: 3/3
   959 | D:2      | Reached skill level 1 in Dodging
  1089 | D:2      | Reached XP level 4. HP: 21/42 MP: 4/4
  1236 | D:2      | Found a faded altar of an unknown god.
  1726 | D:3      | Found a runed door.
  1730 | D:3      | Noticed Crazy Yiuf
  1737 | D:3      | Killed Crazy Yiuf
  1765 | D:3      | Noticed inc's ghost (weakling FeEn)
  1809 | D:3      | Killed inc's ghost
  1809 | D:3      | Reached XP level 5. HP: 28/50 MP: 3/3
  1997 | D:3      | HP: 2/50 [dart slug/slug dart (5)]
  2027 | D:3      | HP: 1/50 [dart slug (1)]
  2035 | D:3      | Slain by a dart slug

Skill      XL: |  1  2  3 |
---------------+----------+-----
Fighting       | 3 |  3.6
Axes           | 3 |  3.8
Dodging        | 1 |  1.6
Armour         | |  3.8
Shields        | |  3.8

Action                   |  1- 3 |  4- 6 || total
-------------------------+-------+-------++-------
Melee: War axe           |   145 |    97 ||   242
 Abil: Heal Wounds       |       |     5 ||     5
  Eat: Chunk             |     1 |     3 ||     4
Armor: Scale mail        |    59 |   291 ||   350
Dodge: Dodged            |    48 |   223 ||   271
Block: Shield            |    89 |   326 ||   415
